 Dungeon Crawl Stone Soup version 0.16-a0-2955-gfa193e0 (webtiles) character file.

51 Ratboiler the Skirmisher (level 3, -3/33 HPs)
             Began as a Centaur Wanderer on Dec 4, 2014.
             Killed by divine providence
             ... invoked by an orc priest
              (14 damage)
             ... on level 3 of the Dungeon.
             The game lasted 00:02:46 (1556 turns).

Ratboiler the Skirmisher (Centaur Wanderer)         Turns: 1556, Time: 00:02:46

Health: -3/33      AC:  8    Str: 17    XL:     3   Next: 57%
Magic:  3/3        EV:  8    Int: 13    God:
Gold:   124        SH:  0    Dex:  7    Spells: 0 memorised, 2 levels left

rFire  . . .     SeeInvis .     d - +0 mace
rCold  . . .     Clarity  .     h - +0 ring mail
rNeg   . . .     SustAb   .     (no shield)
rPois  .         Gourm    .     j - +2 hat {Int+3}
rElec  .         Spirit   .     w - +0 cloak
rCorr  .         Warding  .     (no gloves)
rMut   .         Stasis   .     (no barding)
MR     .....                    (no amulet)
Stlth  ..........               (no ring)
                                (no ring)

@: drained, very quick, not resistant to hostile enchantments, extremely
unstealthy
A: hooves 3, deformed body, speed 2, tough skin 3
a: no special abilities


You were on level 3 of the Dungeon.
You were very hungry.

You visited 1 branch of the dungeon, and saw 3 of its levels.

You collected 124 gold pieces.

Inventory:

Hand weapons
 a - a +2 dagger
 c - a +0 shortbow
 d - a +0 mace (weapon)
Missiles
 f - 65 arrows
Armour
 e - a +0 robe
 h - a +0 ring mail (worn)
 j - a +2 hat of intelligence (worn)
 w - a +0 cloak (worn)
Scrolls
 o - a scroll of teleportation {unknown}
 q - a scroll of amnesia {unknown}
 s - a scroll of remove curse {unknown}
 v - a scroll of magic mapping {unknown}
 x - a scroll of identify {unknown}
Potions
 b - 2 potions of heal wounds
 i - a potion of agility {unknown}
 k - a potion of invisibility {unknown}
 l - a potion of curing {unknown}
 r - a potion of might {unknown}
 t - a potion of lignification {unknown}
 u - a potion of poison {unknown}
Comestibles
 g - 2 bread rations
 m - 2 beef jerkies
 n - a slice of pizza
 p - a meat ration


   Skills:
 - Level 4.0(3.2) Fighting
 + Level 3.6(2.9) Maces & Flails
 - Level 2.6(1.9) Bows
 - Level 1.0(0.3) Stealth
   Level 1.0(0.3) Shields


You had 2 spell levels left.
You didn't know any spells.

Dungeon Overview and Level Annotations

Branches:
Dungeon (3/15)

Altars:
Fedhas


Innate Abilities, Weirdness & Mutations

You have hooves in place of feet.
Armour fits poorly on your strangely shaped body.
You cover ground very quickly.
You have extremely tough skin (AC +3).


Message History

The orc priest is moderately wounded.
The orc priest calls down the wrath of Beogh upon you.
Pain shoots through your body!
You hit the orc priest.
The orc priest is heavily wounded.
The orc priest hits you with a morningstar of draining.
You feel drained.
You closely miss the orc priest. You kick the orc priest.
The orc priest is severely wounded.
The orc priest becomes somewhat translucent.
You hit the orc priest but do no damage.
You kick the orc priest.
The orc priest is severely wounded.
The orc priest hits you with a morningstar of draining.
You feel drained.
You hit the orc priest but do no damage.
The orc priest is severely wounded.
The orc priest calls down the wrath of Beogh upon you.
Something smites you!
You die...

#.....#
#.....#.#
+..... .#
#.....#.# #
#.... ..#.#
.####...##....#
#..).....#....#
#######.(#....#
#..o@<#..'....#
#.#####.##....#
##(#####.#
....#
#.))o....#
....#
##########
..o.# o...#
..o.# .o.. #


You could see an orc priest.

Vanquished Creatures
  An adder (D:2)
  A giant gecko (D:2)
  4 orcs (D:3)
  A giant cockroach (D:2)
  7 hobgoblins
  4 kobolds
  3 bats (D:1)
  4 giant newts (D:1)
  5 goblins
  4 rats (D:1)
34 creatures vanquished.

Notes
Turn   | Place    | Note
--------------------------------------------------------------
     0 | D:1      | Ratboiler, the Centaur Wanderer, began the quest for the Orb.
     0 | D:1      | Ratboiler set off with: a +2 dagger, a potion of heal wounds, a +0 shortbow, a +0 mace, a +0 robe, 27 arrows, a bread ration
     0 | D:1      | Reached XP level 1. HP: 20/20 MP: 1/1
   305 | D:1      | Reached XP level 2. HP: 27/27 MP: 2/2
   946 | D:2      | Reached XP level 3. HP: 29/33 MP: 3/3
  1148 | D:2      | Found a blossoming altar of Fedhas.
  1556 | D:3      | Killed from afar by an orc priest

Action                   || total
-------------------------++-------
Melee: Mace              ||   110
       Dagger            ||     3
  Use: Scroll            ||     2
